cohdb
Replays
Latest Replays
All Replays
Popular Replays
Top Player Replays
Match Explorer
How It Works
Community
CoH3 Stats
Reddit
Sign in to upload your games and track your stats! →
Sign in with Steam
Match 28503490
Unlisted
Match 28503490
Overview
Messages
Build Orders
End
Kradschützen Motorcycle Team
Panzergrenadier Squad
250 Light Carrier
Construct Light Support Kompanie
Combat Half-tracks
Construct Mechanized Kompanie
Selects Armored Support Battlegroup
Selects Superior Fire Drills
MG34 Team
Vehicle Survival Package
Assault Mechanized Group
8 Rad Armored Car
MG34 Team
Ruby
HulkSMASH
ashilrye
Ghost
0
0
Comments
sign in to comment!
No comments posted yet!